 Dungeon Crawl Stone Soup version 0.23-a0-489-g205b0b6 (webtiles) character file.

138 Espgualade the Skirmisher (level 5, -1/34 HPs)
             Began as a Tengu Ice Elementalist on Dec 1, 2018.
             Slain by a hobgoblin
             ... wielding a +0 club
             ... led by Robin
              (3 damage)
             ... on level 2 of the Dungeon.
             The game lasted 00:04:53 (1752 turns).

Espgualade the Skirmisher (Tengu Ice Elementalist)  Turns: 1752, Time: 00:04:53

Health: -1/34      AC:  8    Str:  7 (8)  XL:     5   Next: 21%
Magic:  0/9        EV: 12    Int: 16 (17) God:
Gold:   137        SH:  0    Dex: 14      Spells: 2/8 levels left

rFire    . . .     SeeInvis .   l - +2 short sword (venom)
rCold    . . .     Gourm    .   (no shield)
rNeg     . . .     Faith    .   a - +1 robe
rPois    .         Spirit   .   (helmet restricted)
rElec    .         Reflect  .   (no cloak)
rCorr    .         Harm     .   (no gloves)
MR       .....                  (boots unavailable)
Stlth    ++........             (no amulet)
HPRegen  0.11/turn              (no ring)
MPRegen  0.11/turn              (no ring)

@: icy armour, about to teleport, very slightly contaminated
A: beak, talons 3, able to fly 1
a: Fly


You were on level 2 of the Dungeon.
You were hungry.

You visited 1 branch of the dungeon, and saw 2 of its levels.

You collected 137 gold pieces.

Inventory:

Hand Weapons
 l - a +2 short sword of venom (weapon)
Armour
 a - a +1 robe (worn)
Scrolls
 e - a scroll of teleportation
 g - 7 scrolls of identify
 h - a scroll of enchant armour
 j - a scroll of immolation {unknown}
Potions
 k - a potion of flight
Comestibles
 b - a chunk of flesh
 c - 2 rations


   Skills:
 + Level 4.7 Fighting
 - Level 2.1 Dodging
 - Level 2.0 Stealth
 - Level 2.0 Spellcasting
 - Level 1.3 Conjurations
 - Level 2.6 Ice Magic


You had 2 spell levels left.
You knew the following spells:

 Your Spells              Type           Power        Failure   Level  Hunger
a - Freeze                Ice            ##..         7%          1    #......
b - Throw Frost           Conj/Ice       #.....       14%         2    ###....
c - Ozocubu's Armour      Chrm/Ice       #.......     34%         3    ###....

Your spell library contained the following spells:

 Spells                   Type           Power        Failure   Level  Hunger
 Throw Icicle             Conj/Ice       #.......     65%         4    #####..
 Summon Ice Beast         Ice/Summ       #.......     75%         4    #####..


Dungeon Overview and Level Annotations

Branches:
Dungeon (2/15)

Altars:
Makhleb
Ru


Innate Abilities, Weirdness & Mutations

You have a beak for a mouth.
You have claws for feet.
You can fly.


Message History

The adder is almost dead.
The adder closely misses you. The adder bites you.
* * * LOW HITPOINT WARNING * * *
The goblin unwields a +0 club.
The goblin wields a +0 hunting sling.
The goblin shoots a stone.
The stone hits you.
* * * LOW HITPOINT WARNING * * *
Okay, then.
Casting: Freeze (safe; 7% risk of failure)
Confirm with . or Enter, or press ? or * to list all spells.
Aiming: Freeze (safe; 7% risk of failure)
Press: ? - help, Shift-Dir - straight line, f/p - adder
Aim: an adder (almost dead, poisoned)
You freeze the adder.
You kill the adder!
You are feeling hungry.
The goblin shoots a stone.
The stone hits you but does no damage.
Okay, then.
As you read the scroll of teleportation, it crumbles to dust.
You feel strangely unstable. The hobgoblin hits you with a +0 club.
You die...

...........##
########.##..#
..S.g.)......#
.?K.####.....#
. #.....#
#.....#
####Kg# #g##
#@# #.# ..#
g..# ....#
.....# ..#####
###


You could see a hobgoblin, 2 goblins and a kobold.

Vanquished Creatures
  Natasha (thrice) (D:2)
  Robin (D:2)
  An adder (D:2)
  2 dart slugs (D:1)
  A leopard gecko (D:1)
  2 giant cockroaches (D:1)
  10 goblins
  12 hobgoblins
  2 kobolds
  A ball python (D:2)
  7 bats
  2 frilled lizards
  5 rats
49 creatures vanquished.

Notes
Turn   | Place    | Note
-------+----------+-------------------------------------------
     0 | D:1      | Espgualade the Tengu Ice Elementalist began the quest for
                  | the Orb.
     0 | D:1      | Reached XP level 1. HP: 10/10 MP: 4/4
   165 | D:1      | Reached skill level 1 in Fighting
   245 | D:1      | Reached XP level 2. HP: 11/17 MP: 3/6
   390 | D:1      | Reached skill level 2 in Fighting
   533 | D:1      | Reached XP level 3. HP: 12/22 MP: 3/7
  1082 | D:1      | Learned a level 2 spell: Throw Frost
  1135 | D:2      | Found a sacrificial altar of Ru.
  1137 | D:2      | Found a burning altar of Makhleb.
  1278 | D:2      | Reached skill level 3 in Fighting
  1338 | D:2      | Noticed Natasha
  1345 | D:2      | Killed Natasha
  1345 | D:2      | Reached XP level 4. HP: 20/28 MP: 8/8
  1365 | D:2      | Noticed Natasha
  1387 | D:2      | Killed Natasha
  1673 | D:2      | Noticed Natasha
  1684 | D:2      | Learned a level 3 spell: Ozocubu's Armour
  1693 | D:2      | Killed Natasha
  1693 | D:2      | Reached skill level 4 in Fighting
  1717 | D:2      | Noticed Robin
  1732 | D:2      | Killed Robin
  1732 | D:2      | Gained mutation: You can fly. [Tengu growth]
  1732 | D:2      | Reached XP level 5. HP: 18/34 MP: 7/9
  1752 | D:2      | Slain by a hobgoblin

Vault maps used:
D:1:      dpeg_arrival_arbitrary_b
D:2:      nicolae_overflow_hidden_temple, minivault_24, uniq_robin, uniq_natasha

Skill      XL: |  1  2  3  4 |
---------------+-------------+-----
Fighting       | 1 2 3 4 |  4.7
Dodging        | |  2.1
Stealth        | |  2.0
Spellcasting   | |  2.0
Conjurations   | |  1.3
Ice Magic      | |  2.6

Action                   |  1- 3 |  4- 6 || total
-------------------------+-------+-------++-------
Melee: Unarmed           |    56 |       ||    56
       Kick              |    16 |     6 ||    22
       Peck              |     2 |     4 ||     6
       Short sword       |     8 |    40 ||    48
 Cast: Freeze            |    28 |     5 ||    33
       Ozocubu's Armour  |       |     1 ||     1
  Use: Scroll            |     1 |     3 ||     4
       Potion            |       |     4 ||     4
 Stab: Sleeping          |     3 |     1 ||     4
  Eat: Chunk             |     2 |     1 ||     3
Armor: Robe              |    17 |     6 ||    23
Dodge: Dodged            |    59 |    31 ||    90

Table legend:
 A = Non-vault XP
 B = Vault XP
 C = Vault XP percentage of total XP
 D = Non-vault monster count
 E = Vault monster count
 F = Vault count percentage of total count
                 A         B        C        D         E       F
            +---------+---------+-------+---------+---------+-------
      Total |     147 |      51 |  25.8 |      40 |       9 |  18.4
            +---------+---------+-------+---------+---------+-------
        D:1 |      48 |       0 |   0.0 |      26 |       0 |   0.0
        D:2 |      99 |      51 |  34.0 |      14 |       9 |  39.1
            +---------+---------+-------+---------+---------+-------
